 Dungeon Crawl Stone Soup version 0.17.0-9-g801d43b (console) character file.

3 gw the Firebug (level 1, -5/13 HPs)
             Began as a Human Fire Elementalist on Nov 9, 2015.
             Slain by a gnoll
             ... wielding a +0 spear
              (7 damage)
             ... on level 1 of the Dungeon.
             The game lasted 00:00:29 (124 turns).

gw the Firebug (Human Fire Elementalist)             Turns: 124, Time: 00:00:29

Health: -5/13      AC:  2    Str:  8    XL:     1   Next: 55%
Magic:  0/3        EV: 12    Int: 15    God:
Gold:   12         SH:  0    Dex: 13    Spells: 1 memorised, 3 levels left

rFire  . . .     SeeInvis .     b - +0 whip
rCold  . . .     Clarity  .     a - +0 robe
rNeg   . . .     SustAt   .     (no shield)
rPois  .         Gourm    .     (no helmet)
rElec  .         Spirit   .     (no cloak)
rCorr  .         Warding  .     (no gloves)
rMut   .         Stasis   .     (no boots)
MR     .....                    (no amulet)
Stlth  ++........               (no ring)
                                (no ring)

@: not resistant to hostile enchantments, unstealthy
A: no striking features
a: no special abilities


You were on level 1 of the Dungeon.
You were not hungry.

You visited 1 branch of the dungeon, and saw 1 of its levels.

You collected 12 gold pieces.

Inventory:

Hand Weapons
 b - a +0 whip (weapon)
Missiles
 d - 4 stones (quivered)
Armour
 a - a +0 robe (worn)
Books
 e - a book of Flames

   Spells                             Type                      Level
   a - Flame Tongue                   Conjuration/Fire             1
   b - Throw Flame                    Conjuration/Fire             2
   c - Conjure Flame                  Conjuration/Fire             3
   d - Inner Flame                    Hexes/Fire                   3
   e - Sticky Flame                   Conjuration/Fire             4
   f - Fireball                       Conjuration/Fire             5
Comestibles
 c - a bread ration


   Skills:
 + Level 0.2 Maces & Flails
 + Level 0.2 Armour
 - Level 2.0 Dodging
 - Level 2.0 Stealth
 * Level 2.1 Spellcasting
 - Level 1.0 Conjurations
 + Level 3.0 Fire Magic


You had 3 spell levels left.
You knew the following spells:

 Your Spells              Type           Power        Failure   Level  Hunger
a - Flame Tongue          Conj/Fire      #....        12%         1    #......


Dungeon Overview and Level Annotations

Branches:
Dungeon (1/15)

Altars:


Message History

The gnoll is moderately wounded.
The gnoll hits you but does no damage.
Unknown command.
Unknown command.
Unknown command.
Unknown command.
ATTACK MOVE TO (-1,1)
You hit the gnoll.
The gnoll is heavily wounded.
The gnoll barely misses you.
Unknown command.
Unknown command.
Unknown command.
Unknown command.
ATTACK MOVE TO (-1,1)
You hit the gnoll but do no damage.
The gnoll is heavily wounded.
The gnoll hits you with a spear!
Ouch! That really hurt!
You die...

#.# .... ....
#######.# .....
#........
.....##p#####.#
...$..g........
..............#
#.........(....
#####.#.#######
#.#...# #.#...#
#.#...# #.#...#


You could see a gnoll.

Table legend:
 A = Turns spent in this place as a percentage of turns spent in the entire game.
 B = Non-inter-level travel turns spent in this place as a percentage of non-inter-level travel turns spent in the entire game.
 C = Inter-level travel turns spent in this place as a percentage of turns spent in this place.
 D = Turns resting spent in this place as a percentage of non-inter-level travel turns spent in this place.
 E = Turns spent auto-exploring this place as a percentage of non-inter-level travel turns spent in this place.
 F = Non-inter-level travel turns spent in this place divided by the number of levels of this place that you've seen.
                   A       B       C       D       E      F
               +-------+-------+-------+-------+-------+----------------------
         Total | 100.0 | 100.0 |   0.0 |   0.9 |   2.7 | 694.0
       Dungeon | 100.0 | 100.0 |   0.0 |   0.9 |   2.7 | 694.0
               +-------+-------+-------+-------+-------+----------------------

Table legend:
 A = Kills in this place as a percentage of kills in entire the game.
 B = Kills by you in this place as a percentage of kills by you in the entire game.
 C = Kills by friends in this place as a percentage of kills by friends in the entire game.
 D = Other kills in this place as a percentage of other kills in the entire game.
 E = Experience gained in this place as a percentage of experience gained in the entire game.
 F = Experience gained in this place divided by the number of levels of this place that you have seen.
                   A       B       C       D       E      F
               +-------+-------+-------+-------+-------+----------------------
         Total | 100.0 | 100.0 |  -nan |  -nan | 100.0 |   5.0
       Dungeon | 100.0 | 100.0 |  -nan |  -nan | 100.0 |   5.0
               +-------+-------+-------+-------+-------+----------------------

Vanquished Creatures
  A giant gecko (D:1)
  A kobold (D:1)
2 creatures vanquished.

Notes
Turn   | Place    | Note
--------------------------------------------------------------
     0 | D:1      | gw the Human Fire Elementalist began the quest for the Orb.
     0 | D:1      | Reached XP level 1. HP: 13/13 MP: 3/3
   124 | D:1      | Slain by a gnoll

Action                   || total
-------------------------++-------
Melee: Whip              ||     4
 Cast: Flame Tongue      ||     4

Vault maps used:
D:1:      minmay_arrival_three_doors
